 Dungeon Crawl Stone Soup version 0.30.1-9-gdf580d7c3d (webtiles) character file.

Game seed: 216027153065112207

107 tizbic2 the Gusty (level 4, -2/40 HPs)
             Began as a Troll Air Elementalist on Sept 28, 2023.
             Splashed by a jelly's acid (7 damage)
             ... in a sewer.
             The game lasted 00:10:44 (1773 turns).

tizbic2 the Gusty (Troll Air Elementalist)          Turns: 1773, Time: 00:10:45

Health: -2/40      AC: -4    Str: 16    XL:     4   Next: 57%
Magic:  4/6        EV:  9    Int: 13    God:
Gold:   96         SH:  0    Dex: 10    Spells: 4/7 levels left

rFire   + . .        v - +0 mace (heavy)
rCold   + . .        j - orb {*channel}
rNeg    . . .        u - +0 robe
rPois   .            (helmet restricted)
rElec   .            (no cloak)
rCorr   .            (gloves unavailable)
SInv    .            (boots unavailable)
Will    .....        (no amulet)
Stlth   +            d - ring of protection from fire
HPRegen 1.06/turn    q - ring of protection from cold
MPRegen 0.10/turn

%: channel magic (20%)
@: corroded, very slightly contaminated, invisible
A: large, unfitting armour, claws 3, regeneration 1, shaggy fur 1, tough skin 1
a: no special abilities


You were in a sewer.
You visited 1 branch of the dungeon, and saw 3 of its levels.
You also visited: Sewer.

You collected 96 gold pieces.

Inventory:

Hand Weapons
 o - a +0 spear
 v - a +0 heavy mace (weapon)
Missiles
 a - 3 large rocks
 i - 11 boomerangs (quivered)
 s - 6 silver javelins
Armour
 j - an orb of energy (worn)
 u - a +0 robe (worn)
Jewellery
 d - a ring of protection from fire (left claw)
 q - a ring of protection from cold (right claw)
 r - an amulet of guardian spirit
Scrolls
 h - a scroll of fog {unknown}
 k - a scroll of teleportation {unknown}
 l - 2 scrolls of magic mapping
 n - a scroll of fear {unknown}
 p - a scroll of enchant armour {unknown}
 w - a scroll of amnesia {unknown}
Potions
 b - a potion of magic
 c - a potion of mutation
 e - a potion of flight
 f - a potion of lignification {unknown}
 g - a potion of haste {unknown}
 t - a potion of brilliance {unknown}


   Skills:
 + Level 0.7 Fighting
 - Level 1.5 Dodging
 - Level 1.0 Stealth
 * Level 2.1 Spellcasting
 + Level 1.4 Conjurations
 * Level 2.6 Air Magic


You had 4 spell levels left.
You knew the following spells:

 Your Spells              Type           Power      Damage    Failure   Level
a - Shock                 Conj/Air       24%        1d4       26%         1
b - Static Discharge      Conj/Air       12%        2-3/arc   34%         2

Your spell library contained the following spells:

 Spells                   Type           Power      Damage    Failure   Level
 Swiftness                Air            8%         N/A       47%         3
 Airstrike                Air            4%         2d(1-17)  82%         4


Dungeon Overview and Level Annotations

Branches:
Dungeon (3/15)              Sewer (1/1)

Altars:

Shops:
D:1 :


Innate Abilities, Weirdness & Mutations

You are too large for most types of armour.
You have claws for hands.
Your natural rate of healing is unusually fast.
You are covered in fur. (AC +1)
You have tough skin. (AC +1)


Message History

You hit the giant cockroach.
The giant cockroach is severely wounded.
The giant cockroach bites you but does no damage.
The jelly closely misses you.
The giant cockroach splashes around in the water.
The jelly barely misses you. The jelly attacks as you move away!
The jelly hits you.
You are splashed with acid!
You thump the giant cockroach!
You kill the giant cockroach!
The jelly hits you but does no damage.
Casting: Shock (safe; 26% risk of failure)
Confirm with . or Enter, or press ? or * to list all spells.
You miscast Static Discharge.
You are very lightly contaminated with residual magic.
Nothing appears to happen.
Magical energy flows into your mind! The jelly hits you. The acid corrodes you!
You are splashed with acid!
Casting: Static Discharge (dangerous; 34% risk of failure)
Confirm with . or Enter, or press ? or * to list all spells.
The jelly is struck by an arc of lightning.
The jelly is lightly wounded.
You are struck by an arc of lightning.
The jelly is struck by an arc of lightning.
The jelly is moderately wounded.
The lightning grounds out.
The jelly hits you.
You are splashed with acid!
* * * LOW HITPOINT WARNING * * *
You hit the jelly.
Your claws burn!
* * * LOW HITPOINT WARNING * * *
The jelly is heavily wounded.
The jelly hits you.
* * * LOW HITPOINT WARNING * * *
You are splashed with acid.
* * * LOW HITPOINT WARNING * * *
The jelly misses you.
It was a potion of invisibility.
You fade into invisibility!
The jelly hits you.
* * * LOW HITPOINT WARNING * * *
The acid corrodes you!
You are splashed with acid!
You die...

~.# ##..~†.#
.~.# ##~~~.~##
....##~†~~###
#~~..~.~##..
##.~~~.##.~?
..##~.~.#...##
~.~~.~~†##~.~##
#..~~~.†.##~..#
~.~.~~#~~@#~~~#
~.#~~.##.~J†.##
###..# ##~~~##
#... #####
~.~.# ...#


You could see a jelly.

Vanquished Creatures
  An adder (D:2)
  3 river rats
  2 worms (D:3)
  A dart slug (D:1)
  8 bats
  12 endoplasms
  4 giant cockroaches
  3 hobgoblins
  3 jackals (D:2)
  3 kobolds (D:1)
  A quokka (D:1)
  3 ball pythons
  8 frilled lizards
  13 rats
65 creatures vanquished.

Notes
Turn   | Place    | Note
-------+----------+-------------------------------------------
     0 | D:1      | tizbic2 the Troll Air Elementalist began the quest for the
                  | Orb.
     0 | D:1      | Reached XP level 1. HP: 16/16 MP: 1/1
   128 | D:1      | Reached XP level 2. HP: 22/24 MP: 3/3
   237 | D:1      | Learned a level 2 spell: Static Discharge
   306 | D:1      | Reached skill level 1 in Conjurations
   506 | D:1      | Found Geed's Book Shop.
   506 | D:1      | Noticed a walking frostbound tome
   506 | D:1      | Noticed a walking earthen tome
   843 | D:2      | Reached XP level 3. HP: 31/31 MP: 4/4
  1555 | D:3      | Found a glowing drain.
  1582 | D:3      | Reached XP level 4. HP: 29/40 MP: 0/6
  1605 | Sewer    | Entered a sewer
  1773 | Sewer    | Splashed by a jelly's acid

Illustrated notes

Levels and vault maps discovered:
D:1:      dpeg_arrival_pits, layout_loops_ring, serial_shops,
          nicolae_shop_mannequins, minmay_crystal_room
D:2:      layout_basic, hangedman_decor_push, minmay_heptomino_h4
D:3:      layout_basic, tso_metal_star,
          nicolae_gozag_cash_rules_everything_around_me,
          mainiacjoe_overflow_swirl, portal_sewer_entry_b,
          kennysheep_pointless_box, grunt_decor_mini_mirrors, uniq_ijyb
Sewer:    sewer_hellmonk_slimy_pipes

Skill      XL: |  1  2  3 |
---------------+----------+-----
Conjurations   | 1 |  1.4
Spellcasting   | 2 |  2.1
Fighting       | |  0.7
Dodging        | |  1.5
Stealth        | |  1.0
Air Magic      | |  2.6

Action                     |  1- 3 |  4- 6 || total
---------------------------+-------+-------++-------
  Melee: Unarmed           |    80 |       ||    80
         Punch             |     2 |       ||     2
         Mace              |    27 |    39 ||    66
  Throw: Boomerang         |     6 |       ||     6
   Cast: Shock             |    25 |    13 ||    38
         Static Discharge  |     3 |     1 ||     4
    Use: Scroll            |     4 |       ||     4
         Potion            |       |     1 ||     1
   Stab: Sleeping          |     4 |       ||     4
 Armour: Robe              |    48 |    21 ||    69
  Dodge: Dodged            |    64 |    29 ||    93
